 Dungeon Crawl Stone Soup version 0.21-a0-440-g28109cb (webtiles) character file.

152706 KristoblXynda the Spry (level 17, 0/86 HPs)
             Began as a Spriggan Berserker on Nov 11, 2017.
             Was the Champion of Trog.
             Slain by a hornet (1 damage)
             ... while paralysed by a hornet
             ... on level 4 of the Swamp.
             The game lasted 01:41:14 (29240 turns).

KristoblXynda the Spry (Spriggan Berserker)        Turns: 29240, Time: 01:41:16

Health: 0/86       AC: 12    Str: 20    XL:     17   Next: 3%
Magic:  0/33       EV:  4    Int: 10    God:    Trog [******]
Gold:   1753       SH:  0    Dex: 19    Spells: 16/16 levels left

rFire    x . .     SeeInvis +   B - +8 scimitar (flame)
rCold    + . .     Gourm    .   C - +3 buckler {rC+}
rNeg     + . .     Faith    .   U - +4 moon troll leather armour {Spirit, Regen++ MP+5}
rPois    +         Spirit   +   v - +0 mask of the Dragon {MR+ Slay+3 SInv}
rElec    +         Reflect  .   f - +2 cloak
rCorr    .         Harm     .   (gloves unavailable)
MR       +++++                  (boots unavailable)
Stlth    ++++......             H - amulet of magic regeneration
HPRegen  2.04/turn              o - ring of Quffurea {rPois rN+}
MPRegen  0.48/turn              b - ring "Owkickoy" {rElec rF- MR+ Slay+4 Stlth+}

@: paralysed, mighty, lethally poisoned (0 -> -1), very slightly contaminated,
regenerating, studying Crossbows, slow
A: unfitting armour, see invisible, herbivore 3, speed 3, slow metabolism 2
a: Berserk, Trog's Hand, Brothers in Arms, Burn Spellbooks, Renounce Religion


You were on level 4 of the Swamp.
You worshipped Trog.
Trog was exalted by your worship.
You were not hungry.

You visited 6 branches of the dungeon, and saw 29 of its levels.
You also visited: Labyrinth, Sewer, Bailey, Ice Cave and Volcano.

You collected 2866 gold pieces.
You spent 1113 gold pieces at shops.

Inventory:

Hand Weapons
 a - a +0 demon blade of electrocution
 u - the +5 long sword "Uvoeg" {drain, rC- Int+6 Dex+5}
   (Trog gifted it to you on level 3 of the Lair of Beasts)

   A truly terrible weapon, it drains the life of those it strikes.
   It affects your intelligence (+6).
   It affects your dexterity (+5).
   It makes you vulnerable to cold.
 B - a +8 scimitar of flaming (weapon)
Missiles
 k - a throwing net (quivered)
Armour
 f - a +2 cloak (worn)
 v - the +0 mask of the Dragon (worn) {MR+ Slay+3 SInv}
   (You found it on level 7 of the Dungeon)

   It affects your accuracy and damage with ranged weapons and melee attacks
   (+3).
   It affects your resistance to hostile enchantments.
   It lets you see invisible.
 C - a +3 buckler of cold resistance (worn)
 U - the +4 moon troll leather armour (worn) {Spirit, Regen++ MP+5}
   (You found it in a labyrinth)

   It affects your magic capacity (+5).
   It increases your rate of regeneration.
Jewellery
 b - the ring "Owkickoy" (right hand) {rElec rF- MR+ Slay+4 Stlth+}
   (You took it off an orc on level 8 of the Dungeon)

   [ring of stealth]

   It affects your accuracy and damage with ranged weapons and melee attacks
   (+4).
   It makes you vulnerable to fire.
   It insulates you from electricity.
   It affects your resistance to hostile enchantments.
   It makes you more stealthy.
 j - the ring of Cunkesm {*Contam rPois rN+ MR++ Stlth+}
   (You bought it in a shop on level 2 of the Orcish Mines)

   [ring of poison resistance]

   It protects you from poison.
   It protects you from negative energy.
   It affects your resistance to hostile enchantments.
   It causes magical contamination when unequipped.
   It makes you more stealthy.
 o - the ring of Quffurea (left hand) {rPois rN+}
   (You bought it in a shop on level 2 of the Orcish Mines)

   [ring of poison resistance]

   It protects you from poison.
   It protects you from negative energy.
 H - an amulet of magic regeneration (around neck)
Wands
 s - a wand of paralysis (5/24)
 t - a wand of clouds (3/9)
 z - a wand of acid (3/15)
 I - a wand of digging (10/24)
 N - a wand of clouds (1/9)
 T - a wand of scattershot (4/9)
Scrolls
 i - 10 scrolls of teleportation
 l - 7 scrolls of remove curse
 n - 3 scrolls of summoning
 x - 6 scrolls of immolation
 J - 4 scrolls of recharging
Potions
 d - 4 potions of berserk rage
 e - 5 potions of flight
 g - 3 potions of mutation
 h - 5 potions of heal wounds
 m - 3 potions of ambrosia
 p - 10 potions of haste
 q - 2 potions of brilliance
 A - 4 potions of might
 D - 4 potions of agility
 E - 9 potions of curing
 G - 2 potions of lignification
 M - 5 potions of resistance
 Q - 2 potions of invisibility
 R - 3 potions of magic
Books
 w - a book of the Earth

   Spells                             Type                      Level
   a - Leda's Liquefaction            Hexes/Earth                  4
   b - Bolt of Magma                  Conjuration/Fire/Earth       5
   c - Statue Form                    Transmutation/Earth          6
   d - Iron Shot                      Conjuration/Earth            6
   e - Shatter                        Earth                        9
   Trog disapproves of the use of such an item.
 O - a book of Necromancy

   Spells                             Type                      Level
   a - Pain                           Necromancy                   1
   b - Animate Skeleton               Necromancy                   1
   c - Vampiric Draining              Necromancy                   3
   d - Regeneration                   Charms/Necromancy            3
   e - Animate Dead                   Necromancy                   4
   f - Control Undead                 Necromancy                   4
   Trog disapproves of the use of such an item.
 S - a manual of Crossbows
Miscellaneous
 F - a lamp of fire (inert)
 K - a fan of gales (inert)
 L - a lightning rod (4/4)
Comestibles
 c - 9 bread rations
 r - 11 fruits
 P - 17 royal jellies


   Skills:
 + Level 8.6 Fighting
 - Level 15.6 Long Blades
 + Level 3.0 Crossbows
 - Level 6.5 Armour
 + Level 16.5 Dodging
 - Level 15.3 Stealth
 - Level 7.3 Shields
 + Level 14.4 Evocations


You had 16 spell levels left.
You didn't know any spells.

Dungeon Overview and Level Annotations

Branches:
Dungeon (15/15)            Temple (1/1) D:5            Lair (6/6) D:9
  Swamp (4/4) Lair:3        Snake (0/4) Lair:2        Slime (0/5) Lair:5
    Orc (2/2) D:10            Elf (0/3) Orc:2        Vaults (0/5) D:14
 Depths (1/5) D:15

Altars:
Ashenzari
Cheibriados
Dithmenos
Elyvilon
Fedhas
Gozag
Hepliaklqana
Kikubaaqudgha
Makhleb
Nemelex Xobeh
Okawaru
Qazlal
Ru
Sif Muna
Trog
Uskayaw
Vehumet
Wu Jian
Xom
Yredelemnul
Zin
The Shining One
Beogh

Shops:
D:7 }   D:13 ?   D:14 *   Orc:2 %=**

Annotations:
D:8 Mitsuki's ghost, novice DEFE
D:11 1 runed door


Innate Abilities, Weirdness & Mutations

You are very small and have problems with some larger weapons.
You are too small for most types of armour.
You have supernaturally acute eyesight. (SInv)
You are a herbivore.
You cover ground extremely quickly.
You need consume almost no food.


Message History

The swamp dragon claws you but does no damage.
The swamp dragon tramples you.
* * * LOW HITPOINT WARNING * * *
You are shoved backwards!
The swamp dragon bites you!
* * * LOW HITPOINT WARNING * * *
The swamp dragon barely misses you.
The swamp dragon tramples you but does no damage.
You feel sick.
The hornet stings you but does no damage.
The swamp dragon bites you!
* * * LOW HITPOINT WARNING * * *
The swamp dragon claws you but does no damage.
The swamp dragon tramples you.
* * * LOW HITPOINT WARNING * * *
You are shoved backwards!
Splash!
You fall into the shallow water.
Moving in this stuff is going to be slow.
The hornet stings you.
You die...

♣≈≈≈≈♣≈§≈≈.≈≈..≈♣♣
♣♣ ♣♣♣.≈§§.≈≈§..≈♣
♣≈§§.§..♣♣.≈♣
♣≈≈§[i§♣♣♣.≈♣
♣≈≈≈§D§≈.§♣ ♣
.§≈≈≈§§[D♣♣♣
≈≈≈≈≈≈§.DD.≈♣
......♣yD..♣ ≈≈..♣
♣≈@♣♣♣ ♣♣. ♣≈.♣
♣♣♣♣


You could see a four-headed hydra, 4 swamp dragons, a hornet and a spriggan.

Vanquished Creatures
  A tentacled monstrosity (Swamp:3)
  Gastronok (Lair:2)
  Roxanne (Swamp:2)
  2 orc warlords (Orc:2)
  A reaper (IceCv)
  The ghost of esteth the Severer, a journeyman DDFi of Makhleb (Lair:6)
  The ghost of cirnu the Carver, a journeyman DsFi of Gozag (D:13)
  A fire dragon (Volcano)
  Snorg (D:10)
  A minotaur (Lab)
  4 vault guards (D:14)
  19 hydras
  A ghost crab (Swamp:4)
  4 catoblepae
  8 alligators
  6 centaur warriors
  17 two-headed ogres
  2 tengu warriors (D:13)
  An ogre mage (D:15)
  5 death yaks (Lair:6)
  4 orc high priests (Orc:2)
  9 spriggans
  Urug (Orc:1)
  A deep elf knight (D:14)
  A spriggan druid (Swamp:2)
  5 wizards
  2 unseen horrors (D:15)
  3 lindwurms
  8 swamp dragons
  A shambling mangrove (Swamp:2)
  8 orc knights
  A deep elf mage (D:14)
  4 ugly things (D:15)
  6 orc sorcerers
  A cyclops (shapeshifter) (D:15)
  5 cyclopes
  2 manticores (Lair:6)
  2 moths of wrath (shapeshifter)
  6 elephants (Lair:6)
  6 black mambas
  2 molten gargoyles (Volcano)
  A naga mage (D:15)
  Joseph (D:8)
  3 ice statues
  15 spiny frogs
  3 gargoyles
  6 centaur skeletons
  2 rime drakes (Lair:5)
  7 komodo dragons
  8 ice devils (IceCv)
  3 yaktaurs
  A kobold demonologist (D:14)
  2 efreet (D:13)
  A tengu conjurer (D:14)
  A queen bee (Lair:2)
  A polar bear (Lair:6)
  A troll (shapeshifter) (D:13)
  2 tyrant leeches
  14 hornets
  Grinder (D:5)
  6 trolls
  14 slime creatures
  3 bog bodies
  13 blink frogs
  A meliai zombie (D:13)
  6 dream sheep (Lair:5)
  8 hippogriffs
  A vampire (D:9)
  2 redbacks (D:15)
  A tarantella (D:15)
  50 yaks
  3 shadows
  4 basilisks
  3 wraiths
  2 humans (D:10)
  A wyvern (D:10)
  Grum (D:8)
  3 steam dragons
  16 vampire mosquitoes
  3 nagas (Lair:2)
  6 swamp worms
  5 hungry ghosts
  5 wargs
  14 insubstantial wisps
  5 hell hounds
  5 water moccasins
  11 swamp drakes
  A meliai simulacrum (D:15)
  13 porcupines
  6 sky beasts
  18 ogres
  2 eyes of draining
  56 orc warriors
  4 ice beasts
  A black bear (Lair:2)
  A phantom (D:13)
  3 necrophages
  7 boggarts
  14 wolves
  7 centaurs
  16 bullfrogs
  12 crocodiles
  A big kobold (D:8)
  A wyvern skeleton (D:13)
  5 scorpions
  30 killer bees
  6 wights (D:9)
  4 howler monkeys
  An electric eel (Lair:5)
  7 crimson imps
  4 lava snakes (Volcano)
  3 bullfrog zombies
  3 hounds
  A quasit (D:8)
  7 jellies
  3 bullfrog skeletons
  34 orc priests
  12 orc wizards
  2 iguanas (D:8)
  11 worker ants
  A merfolk siren (Sewer)
  A killer bee zombie (D:5)
  A merfolk avatar (Sewer)
  A hound zombie (D:7)
  A hound skeleton (D:4)
  2 howler monkey skeletons (D:5)
  4 gnolls (D:7)
  14 adders
  4 river rats (Sewer)
  3 shadow imps
  24 white imps
  4 ufetubi (IceCv)
  2 adder skeletons
  3 worms (D:3)
  5 leopard geckos
  155 orcs
  6 giant cockroaches
  8 goblins
  3 hobgoblins
  16 jackals
  4 kobolds
  6 quokkas
  8 ball pythons
  11 bats
  7 frilled lizards
  2 goblin zombies (D:6)
  4 hobgoblin zombies (D:6)
  A kobold skeleton (D:6)
  A kobold zombie (D:6)
  A leopard gecko skeleton (D:5)
  2 orc zombies (D:6)
  A quokka skeleton (D:7)
  25 rats
  A plant (Lair:2)
1049 creatures vanquished.

Vanquished Creatures (others)
  A tengu conjurer (D:14)
  A spriggan (Swamp:3)
  A swamp worm (Swamp:2)
  A sky beast (D:13)
  4 white imps (IceCv)
  An ufetubus (IceCv)
  A bush (Lair:3)
  3 fungi
  5 plants
18 creatures vanquished.

Grand Total: 1067 creatures vanquished

Notes
Turn   | Place    | Note
-------+----------+-------------------------------------------
     0 | D:1      | KristoblXynda the Spriggan Berserker began the quest for the Orb.
     0 | D:1      | Reached XP level 1. HP: 11/11 MP: 2/2
   143 | D:1      | Reached skill level 1 in Stealth
   155 | D:1      | Reached XP level 2. HP: 13/16 MP: 3/3
   817 | D:2      | Reached ** piety under Trog
   847 | D:2      | Reached XP level 3. HP: 13/19 MP: 4/4
   922 | D:2      | Reached skill level 5 in Dodging
  1422 | D:2      | Reached XP level 4. HP: 19/23 MP: 5/5
  1822 | D:3      | Found a bloodstained altar of Trog.
  2128 | D:3      | Found a glowing drain.
  2133 | D:3      | Reached *** piety under Trog
  2133 | D:3      | Reached XP level 5. HP: 9/27 MP: 6/6
  2142 | Sewer    | Entered a sewer
  2708 | Sewer    | Reached skill level 6 in Dodging
  3355 | D:4      | Reached XP level 6. HP: 32/32 MP: 7/7
  3598 | D:4      | Found a glowing silver altar of Zin.
  3885 | D:4      | Found a white marble altar of Elyvilon.
  4009 | D:4      | Reached skill level 5 in Stealth
  4281 | D:4      | Reached skill level 5 in Long Blades
  4559 | D:5      | Entered Level 5 of the Dungeon
  4559 | D:5      | Noticed Grinder
  4569 | D:5      | Noticed a sky beast
  4580 | D:5      | Killed Grinder
  4580 | D:5      | Reached skill level 7 in Dodging
  4580 | D:5      | Reached XP level 7. HP: 35/35 MP: 8/8
  5008 | D:5      | Reached **** piety under Trog
  5091 | D:5      | Found a staircase to the Ecumenical Temple.
  5470 | D:5      | Reached skill level 8 in Dodging
  5470 | D:5      | Reached XP level 8. HP: 16/39 MP: 9/9
  5841 | Temple   | Entered the Ecumenical Temple
  6439 | D:6      | Found a glowing golden altar of the Shining One.
  7137 | D:7      | Found a hide-covered altar of Uskayaw.
  7213 | D:7      | Reached skill level 9 in Dodging
  7255 | D:7      | Found a stormy altar of Qazlal.
  7443 | D:7      | Found the +0 mask of the Dragon {MR+ Slay+3 SInv}
  7647 | D:7      | Found Sedghuq's Gadget Shop.
  7727 | D:7      | Reached XP level 9. HP: 43/43 MP: 10/10
  8193 | D:7      | Received a gift from Trog
  8227 | D:8      | Noticed a troll
  8248 | D:8      | Killed a troll
  8248 | D:8      | Reached skill level 10 in Dodging
  8331 | D:8      | Got a crude jade ring
  8367 | D:8      | Noticed Joseph
  8396 | D:8      | Killed Joseph
  8396 | D:8      | Reached skill level 10 in Stealth
  8424 | D:8      | Found a snail-covered altar of Cheibriados.
  8444 | D:8      | Identified the ring "Owkickoy" {rElec rF- MR+ Slay+4 Stlth+} (You took it off an orc on level 8 of the Dungeon)
  8532 | D:8      | Reached ***** piety under Trog
  8552 | D:8      | Reached skill level 1 in Evocations
  8606 | D:8      | Noticed Grum
  8626 | D:8      | Killed Grum
  8627 | D:8      | Reached skill level 11 in Dodging
  8677 | D:8      | Reached XP level 10. HP: 43/47 MP: 12/12
  8871 | D:8      | Noticed a two-headed ogre
  8891 | D:8      | Killed a two-headed ogre
  8977 | D:8      | Noticed Mitsuki's ghost (novice DEFE)
  9069 | D:9      | Received a gift from Trog
  9294 | D:9      | Found a burning altar of Makhleb.
  9367 | D:9      | Reached skill level 5 in Evocations
  9466 | D:9      | Reached skill level 12 in Dodging
  9479 | D:9      | Reached skill level 10 in Long Blades
  9592 | D:9      | Found a staircase to the Lair.
  9857 | Lair:1   | Entered Level 1 of the Lair of Beasts
  9868 | Lair:1   | Found a frozen archway.
  9932 | IceCv    | Entered an ice cave
 10212 | IceCv    | Noticed an ice statue
 10212 | IceCv    | Noticed an ice statue
 10228 | IceCv    | Killed an ice statue
 10276 | IceCv    | Killed an ice statue
 10276 | IceCv    | Reached XP level 11. HP: 51/51 MP: 16/16
 10357 | IceCv    | Got a pair of dazzling boots
 10544 | IceCv    | Noticed a reaper
 10567 | IceCv    | Killed a reaper
 10567 | IceCv    | Reached skill level 1 in Shields
 10585 | IceCv    | Got spiked ice dragon scales
 10676 | IceCv    | Identified the +2 ice dragon scales "Zuciyt" {rF- rC++ MR- Dex+5} (You found it in an ice cave)
 10881 | Lair:1   | Received a gift from Trog
 11548 | Lair:2   | Found a staircase to the Snake Pit.
 12006 | D:10     | Entered Level 10 of the Dungeon
 12031 | D:10     | Found a staircase to the Orcish Mines.
 12632 | D:10     | Found an iron altar of Okawaru.
 12837 | D:10     | Noticed Snorg
 12850 | D:10     | Killed Snorg
 13177 | D:11     | Found a runed door.
 13185 | D:11     | Noticed a sixfirhy
 13466 | D:11     | Reached XP level 12. HP: 55/55 MP: 19/19
 13600 | D:11     | Noticed a centaur warrior
 13615 | D:11     | Killed a centaur warrior
 13929 | D:12     | Found a flagged portal.
 13941 | Bailey   | Entered a bailey
 14023 | Bailey   | Reached ****** piety under Trog
 14121 | Bailey   | Received a gift from Trog
 14474 | D:12     | You fall through a shaft for 3 floors!
 14474 | D:15     | Entered Level 15 of the Dungeon
 14475 | D:15     | Noticed a five-headed hydra
 14501 | D:15     | Killed a six-headed hydra
 14501 | D:15     | Reached skill level 10 in Evocations
 14607 | D:15     | Noticed a two-headed ogre
 14612 | D:15     | Killed a two-headed ogre
 14812 | D:15     | Reached skill level 1 in Armour
 14848 | D:15     | Noticed a centaur warrior
 14863 | D:14     | Found Kiosch's General Store.
 14921 | D:14     | Noticed a vault guard
 14989 | D:14     | Reached skill level 5 in Shields
 14991 | D:14     | Noticed an eight-headed hydra
 15006 | D:14     | Killed an 11-headed hydra
 15092 | D:14     | Noticed a centaur warrior
 15241 | D:14     | Noticed a vault guard
 15320 | D:13     | Reached XP level 13. HP: 56/59 MP: 21/21
 15676 | D:13     | Noticed cirnu's ghost (journeyman DsFi)
 15715 | D:13     | Killed cirnu's ghost
 15756 | D:13     | Found Tiavvutu's Magic Scroll Shop.
 15763 | D:13     | Bought a scroll of magic mapping for 45 gold pieces
 15763 | D:13     | Bought a scroll of enchant armour for 97 gold pieces
 15826 | D:13     | Found a labyrinth entrance.
 15835 | Lab      | Entered a labyrinth
 15967 | Lab      | Noticed a minotaur
 15977 | Lab      | Killed a minotaur
 15988 | Lab      | Found the +4 moon troll leather armour {Spirit, Regen++ MP+5}
 16280 | D:13     | Received a gift from Trog
 17814 | D:14     | Reached XP level 14. HP: 61/63 MP: 22/22
 17876 | D:14     | Found a gate to the Vaults.
 17891 | D:14     | Reached skill level 5 in Armour
 18162 | D:15     | Received a gift from Trog
 18251 | D:15     | Found a staircase to the Depths.
 18266 | D:15     | Reached skill level 15 in Long Blades
 18308 | Depths:1 | Entered Level 1 of the Depths
 18986 | Lair:2   | Noticed Gastronok
 18997 | Lair:2   | Killed Gastronok
 19228 | Lair:2   | Received a gift from Trog
 19435 | Lair:2   | Identified a scroll of acquirement
 20095 | Lair:3   | Found a staircase to the Swamp.
 20251 | Lair:3   | Reached XP level 15. HP: 67/70 MP: 23/23
 20323 | Lair:3   | Received a gift from Trog
 20326 | Lair:3   | Got a fine long sword {god gift}
 20327 | Lair:3   | Identified the +5 long sword "Uvoeg" {drain, rC- Int+6 Dex+5} (Trog gifted it to you on level 3 of the Lair of Beasts)
 20718 | Swamp:1  | Entered Level 1 of the Swamp
 20779 | Lair:4   | Reached skill level 5 in Fighting
 21252 | Lair:4   | You fall through a shaft for 2 floors!
 21252 | Lair:6   | Entered Level 6 of the Lair of Beasts
 21260 | Lair:6   | Reached skill level 13 in Dodging
 21709 | Lair:6   | Noticed esteth's ghost (journeyman DDFi)
 21726 | Lair:6   | Killed esteth's ghost
 22292 | Lair:6   | Got a brightly glowing scimitar
 22298 | Lair:6   | Identified the cursed +2 scimitar of the Eternal Warrior {protect, +Fly MR- Int+4} (You found it on level 6 of the Lair of Beasts)
 22513 | Lair:6   | Received a gift from Trog
 22745 | Lair:5   | Reached skill level 14 in Dodging
 22792 | Lair:5   | Found a dark tunnel.
 22798 | Volcano  | Entered a volcano
 22950 | Volcano  | Found a radiant altar of Vehumet.
 23425 | Lair:5   | Found a staircase to the Slime Pits.
 24425 | Orc:1    | Entered Level 1 of the Orcish Mines
 24576 | Orc:1    | Received a gift from Trog
 24819 | Orc:1    | Noticed Urug
 24837 | Orc:1    | Killed Urug
 24999 | Orc:2    | Entered Level 2 of the Orcish Mines
 25206 | Orc:2    | Noticed an orc warlord
 25215 | Orc:2    | Killed an orc warlord
 25360 | Orc:2    | Found a staircase to the Elven Halls.
 25758 | Orc:2    | Received a gift from Trog
 25808 | Orc:2    | Reached XP level 16. HP: 79/79 MP: 26/26
 25933 | Orc:2    | Found Luylacs's General Store.
 25964 | Orc:2    | Bought a potion of invisibility for 88 gold pieces
 26002 | Orc:2    | Found Bume's General Store.
 26135 | Orc:2    | Found a roughly hewn altar of Beogh.
 26472 | Orc:2    | Found a roughly hewn altar of Beogh.
 26475 | Orc:2    | Reached skill level 15 in Dodging
 26558 | Orc:2    | Found Qixku's Jewellery Emporium.
 26572 | Orc:2    | Bought the ring of Cunkesm {*Contam rPois rN+ MR++ Stlth+} for 478 gold pieces
 26572 | Orc:2    | Bought the ring of Quffurea {rPois rN+} for 405 gold pieces
 26581 | Orc:2    | Found Xoch's Food Shoppe.
 27608 | Swamp:1  | Received a gift from Trog
 27730 | Swamp:2  | Noticed Roxanne
 27762 | Swamp:2  | Killed Roxanne
 28238 | Swamp:2  | You fall through a shaft!
 28341 | Swamp:3  | Noticed a tentacled monstrosity
 28470 | Swamp:3  | Reached skill level 16 in Dodging
 28503 | Swamp:3  | Reached skill level 15 in Stealth
 28684 | Swamp:3  | Killed a tentacled monstrosity
 29106 | Swamp:4  | Entered Level 4 of the Swamp
 29179 | Swamp:4  | Reached skill level 1 in Crossbows
 29183 | Swamp:4  | Noticed a thorn hunter
 29208 | Swamp:4  | Received a gift from Trog
 29231 | Swamp:4  | Reached XP level 17. HP: 34/86 MP: 8/28
 29238 | Swamp:4  | Paralysed by a hornet for 3 turns
 29240 | Swamp:4  | HP: 1/86 [swamp dragon (4)]
 29240 | Swamp:4  | Slain by a hornet

Vault maps used:
D:1:      sevenhm_arrival_forest_fort_large_4
D:2:      serial_bayou_pond_a, hex_medium
D:3:      nicolae_overflow_hidden_temple, portal_sewer_entry_d, first_bread
D:4:      kennysheep_little_box, elyvilon_altar_4
D:5:      minmay_temple_entry_glassed_door, uniq_grinder
D:6:      nicolae_tso_besieged_by_evil
D:7:      overflow_temple_1_default, old_standard_altar, serial_shops,
          nicolae_shop_trees
D:8:      old_standard_altar, special_room, blue_anna_alchemist, uniq_grum,
          uniq_joseph
D:9:      kennysheep_steamy, old_standard_altar, grunt_lair_entry_orc_guard_hut
D:10:     david_orc_2, minivault_15, okawaru_humans, uniq_snorg
D:11:     cheibrodos_shockbox
D:12:     enter_bailey_2
D:13:     lab_entry_generic, serial_shops, shop
D:14:     grunt_vaults_entry_fortified, serial_shops, nicolae_shop_waterfront,
          minmay_misc_feat_ornament
D:15:     grunt_enter_depths_magical_seal, dk_noncrumbling_3,
          minmay_misc_feat_alley
Temple:   nicolae_temple_no_exploring_needed
Lair:1:   portal_ice_cave_entry_imps
Lair:2:   guppyfry_snake_entry_island, uniq_gastronok
Lair:3:   cheibrodos_lair_overgrown_chateau, minmay_swamp_entry_worms
Lair:5:   slime_dummy, enter_volcano_3, lemuel_fruit_tree, serial_bayou_shore_a
Lair:6:   evilmike_catoblepas_cave, grunt_megastairs_4
Swamp:1:  hangedman_swamp_ruin_wall
Swamp:2:  evilmike_swamp_ruin_house_2, swamp_pool1, uniq_roxanne
Swamp:3:  serial_swamp_ruin, evilmike_swamp_ruin_rubble_2,
          evilmike_swamp_ruin_house_1
Swamp:4:  swamp
Orc:1:    uniq_urug
Orc:2:    pubby_orc_utopia
Depths:1: minmay_haunted_quarter, enter_ziggurat_f, pf_hell_entry_tar_spiral,
          serial_bayou_ford_a
Lab:      labyrinth_spiral
Sewer:    sewer_sea
Bailey:   bailey_polearm_5, bailey
IceCv:    ice_cave_small_demon
Volcano:  volcano_lake

Skill      XL: |  1  2  3  4  5  6  7  8  9 10 11 12 13 14 15 16 17 |
---------------+----------------------------------------------------+-----
Stealth        | 1 2 3 4 6 7 9 10 13 15 | 15.3
Long Blades    | 3 4 5 6 7 9 10 11 13 14 15 | 15.6
Dodging        | 5 6 7 8 9 11 12 14 16 | 16.5
Evocations     | 2 6 9 10 12 14 | 14.4
Shields        | 3 5 6 7 |  7.3
Armour         | 2 4 6 |  6.5
Fighting       | 4 6 8 |  8.6
Crossbows      | 2 3 |  3.0

Action                   |  1- 3 |  4- 6 |  7- 9 | 10-12 | 13-15 | 16-18 || total
-------------------------+-------+-------+-------+-------+-------+-------++-------
Melee: Falchion          |    83 |   293 |   410 |   572 |       |       ||  1358
       Double sword      |       |       |       |    15 |       |       ||    15
       Scimitar          |       |       |       |   175 |  1208 |   531 ||  1914
       Long sword        |       |       |       |       |    66 |       ||    66
Throw: Throwing net      |       |       |       |     2 |       |       ||     2
Invok: Berserk           |     1 |     4 |     3 |    11 |     4 |     3 ||    26
       Trog's Hand       |       |     4 |     2 |       |     1 |     1 ||     8
       Burn Spellbooks   |       |       |       |     1 |       |       ||     1
Evoke: Wand              |       |     1 |     5 |    17 |    13 |     4 ||    40
       Fan of gales      |       |       |       |       |     1 |     1 ||     2
       Lightning rod     |       |       |       |       |       |     1 ||     1
       Lamp of fire      |       |       |       |       |       |     1 ||     1
  Use: Scroll            |       |    12 |     6 |    12 |    22 |    11 ||    63
       Potion            |       |     4 |     1 |     5 |     2 |     7 ||    19
 Stab: Sleeping          |     7 |     5 |     7 |    22 |    60 |    12 ||   113
       Paralysed         |       |       |     8 |    28 |     4 |       ||    40
       Distracted        |       |       |     1 |     2 |     7 |     1 ||    11
       Held in net/web   |       |       |       |     1 |       |       ||     1
       Confused          |       |       |       |       |       |     3 ||     3
  Eat: Fruit             |       |     6 |     2 |     6 |       |     6 ||    20
       Royal jelly       |       |     1 |     2 |     1 |     3 |     1 ||     8
       Bread ration      |       |       |     1 |     1 |     2 |       ||     4
Armor: Animal skin       |    12 |    24 |    25 |       |       |       ||    61
       Troll leather arm |       |       |     3 |    44 |    73 |    51 ||   171
Dodge: Dodged            |    99 |   273 |   414 |   605 |   758 |   519 ||  2668
Block: Buckler           |       |       |       |   153 |   508 |   301 ||   962
       Rpst.: Falchion   |    31 |    91 |   147 |   123 |       |       ||   392
       Scimitar          |       |       |       |    27 |   168 |   108 ||   303
       Long sword        |       |       |       |       |    11 |       ||    11

Table legend:
 A = Spawn XP
 B = Non-spawn XP
 C = Spawn XP percentage of total XP
 D = Spawn monster count
 E = Non-spawn monster count
 F = Spawn count percentage of total count
 G = Total turns spent on level
                    A         B        C        D         E        F      G
               +---------+---------+-------+---------+---------+-------+---------
         Total |       0 |  218152 |   0.0 |       0 |    1052 |   0.0 | 29240
               +---------+---------+-------+---------+---------+-------+---------
           D:1 |       0 |      29 |   0.0 |       0 |      17 |   0.0 |   770
           D:2 |       0 |      77 |   0.0 |       0 |      21 |   0.0 |   818
           D:3 |       0 |     114 |   0.0 |       0 |      25 |   0.0 |   794
           D:4 |       0 |     320 |   0.0 |       0 |      10 |   0.0 |  1044
           D:5 |       0 |     734 |   0.0 |       0 |      15 |   0.0 |  1694
           D:6 |       0 |     563 |   0.0 |       0 |      27 |   0.0 |   747
           D:7 |       0 |    1052 |   0.0 |       0 |      25 |   0.0 |  1146
           D:8 |       0 |    4267 |   0.0 |       0 |      55 |   0.0 |   865
           D:9 |       0 |    3066 |   0.0 |       0 |      38 |   0.0 |  1300
          D:10 |       0 |    3261 |   0.0 |       0 |      33 |   0.0 |   986
          D:11 |       0 |    3316 |   0.0 |       0 |      24 |   0.0 |   914
          D:12 |       0 |    5038 |   0.0 |       0 |      17 |   0.0 |   625
          D:13 |       0 |   13598 |   0.0 |       0 |      52 |   0.0 |  1178
          D:14 |       0 |   16634 |   0.0 |       0 |      40 |   0.0 |  1121
          D:15 |       0 |   25605 |   0.0 |       0 |      57 |   0.0 |  1189
        Lair:1 |       0 |    1019 |   0.0 |       0 |      16 |   0.0 |  1008
        Lair:2 |       0 |    9847 |   0.0 |       0 |      48 |   0.0 |  1042
        Lair:3 |       0 |   10077 |   0.0 |       0 |      42 |   0.0 |   972
        Lair:4 |       0 |    1464 |   0.0 |       0 |       9 |   0.0 |   755
        Lair:5 |       0 |    5955 |   0.0 |       0 |      26 |   0.0 |   964
        Lair:6 |       0 |   22782 |   0.0 |       0 |      51 |   0.0 |  1435
       Swamp:1 |       0 |   15595 |   0.0 |       0 |      40 |   0.0 |   759
       Swamp:2 |       0 |    7604 |   0.0 |       0 |      14 |   0.0 |   549
       Swamp:3 |       0 |   15282 |   0.0 |       0 |      40 |   0.0 |   868
       Swamp:4 |       0 |   12219 |   0.0 |       0 |      21 |   0.0 |   134
         Orc:1 |       0 |    2567 |   0.0 |       0 |      30 |   0.0 |   657
         Orc:2 |       0 |   23087 |   0.0 |       0 |     141 |   0.0 |  1753
           Lab |       0 |    1065 |   0.0 |       0 |       1 |   0.0 |   280
         Sewer |       0 |     176 |   0.0 |       0 |      39 |   0.0 |  1133
        Bailey |       0 |    3123 |   0.0 |       0 |      40 |   0.0 |   517
         IceCv |       0 |    5190 |   0.0 |       0 |      26 |   0.0 |   898
       Volcano |       0 |    3426 |   0.0 |       0 |      12 |   0.0 |   321
               +---------+---------+-------+---------+---------+-------+---------
